 Dungeon Crawl Stone Soup version 0.23.2-30-g0e89c35649 (webtiles) character file.

Game seed: 6663390190085622930

730 Destapler the Chopper (level 7, -1/63 HPs)
             Began as a Hill Orc Chaos Knight on June 9, 2019.
             Was a Plaything of Xom.
             Slain by an orc warrior
             ... wielding a +0 battleaxe
              (17 damage)
             ... on level 7 of the Dungeon.
             The game lasted 00:40:38 (3986 turns).

Destapler the Chopper (Hill Orc Chaos Knight)       Turns: 3986, Time: 00:40:38

Health: -1/63      AC:  5    Str: 17    XL:     7   Next: 73%
Magic:  7/7        EV: 12    Int: 15    God:    Xom [..*...]
Gold:   208        SH:  0    Dex: 10    Spells: 6/6 levels left

rFire    . . .     SeeInvis .   a - +6 trident (venom)
rCold    . . .     Gourm    .   (no shield)
rNeg     . . .     Faith    .   b - +2 leather armour
rPois    .         Spirit   .   (no helmet)
rElec    .         Reflect  .   (no cloak)
rCorr    .         Harm     .   (no gloves)
MR       .....                  (no boots)
Stlth    +.........             o - amulet of the acrobat
HPRegen  0.20/turn              e - -2 ring of intelligence (curse)
MPRegen  0.10/turn              (no ring)

@: brilliant
A: no striking features
a: Renounce Religion, Convert to Beogh


You were on level 7 of the Dungeon.
You worshipped Xom.
You were a toy of Xom.
You were not hungry.

You visited 1 branch of the dungeon, and saw 5 of its levels.

You collected 208 gold pieces.

Inventory:

Hand Weapons
 a - a +6 trident of venom (weapon)
 t - a +0 hand axe of chaos
Missiles
 g - 118 stones (quivered)
 p - 6 tomahawks
Armour
 b - a +2 leather armour (worn)
Jewellery
 e - a cursed -2 ring of intelligence (left hand)
 n - an uncursed amulet of the gourmand
 o - an amulet of the acrobat (around neck)
Scrolls
 f - a scroll of amnesia
 j - 6 scrolls of teleportation
 k - a scroll of magic mapping
 l - 4 scrolls of identify
 m - a scroll of enchant weapon
 q - 2 scrolls of fear {unknown}
 s - a scroll of remove curse
Potions
 d - a potion of curing
 r - a potion of agility
Comestibles
 c - 9 rations
 u - 7 chunks of flesh


   Skills:
 - Level 6.0 Fighting
 - Level 7.1(7.5) Axes
 * Level 3.1(4.9) Polearms
 - Level 1.1 Throwing
 - Level 3.6 Armour
 - Level 2.3 Dodging
 - Level 1.5 Stealth


You had 6 spell levels left.
You didn't know any spells.
Your spell library contained the following spells:

 Spells                   Type           Power        Failure   Level  Hunger
 Flame Tongue             Conj/Fire      #....        4%          1    ##.....
 Cause Fear               Hex            #.........   30%         4    #####..
 Bolt of Fire             Conj/Fire      #.........   97%         6    #######
 Dragon Form              Tmut           #.........   100%        7    #######
 Dragon's Call            Summ           #.........   100%        9    #######


Dungeon Overview and Level Annotations

Branches:
Dungeon (4/15)
 Temple: D:4-7

Altars:
Fedhas
Hepliaklqana
Qazlal
Ru
Uskayaw


Message History

The orc wizard is almost dead.
You kill the orc wizard! x2
Your base Polearms skill increases to level 3!
The orc priest shouts, "Beogh is our master!
Accept the truth or die!"
You hit the orc warrior.
The orc warrior is poisoned.
The orc warrior is lightly wounded.
The orc warrior hits you with a +0 battleaxe!!
* * * LOW HITPOINT WARNING * * *
It was a potion of curing.
You feel better. The orc warrior closely misses you.
You are too injured to fight recklessly!
Wield which item (- for none, * to show all)? (? for menu, Esc to quit)
Okay, then.
It was a potion of brilliance.
You feel clever all of a sudden.
As you read the scroll labeled BUOMUN GEHIEX, it crumbles to dust.
It is a scroll of enchant weapon.
Your +5 trident of venom glows red for a moment.
The orc warrior hits you with a +0 battleaxe!
You die...
Xom roars with laughter!

#....###....# #....#
#....##### ###'##
#....#...#####. #.#
####...........
#.####.......o..o...
#.#.)'.....#.......o
###.#.##...oo#.###.o..
#...#.######o#.. ...
#####.###.# #@#... #
......#'#.# #.#####
####......# #.#
...'......# #.#
####......# #.#
######.# #.# ### #.#
#.# ... .[# #.#
################.#


You could see an orc warrior, an orc priest and an orc.

Vanquished Creatures
  A rime drake (shapeshifter) (D:2)
  A necrophage (D:7)
  A bullfrog (D:7)
  A water moccasin zombie (D:7)
  An orc priest (D:4)
  3 orc wizards
  Natasha (thrice) (D:2)
  2 worker ants
  2 gnolls (D:2)
  3 adders (D:2)
  2 oozes (D:3)
  4 worms
  A dart slug (D:1)
  3 leopard geckos
  6 orcs
  A ball python (D:2)
  12 giant cockroaches
  11 goblins
  9 hobgoblins
  5 jackals
  9 kobolds
  2 quokkas
  5 bats
  9 frilled lizards
  18 rats
  A plant (D:3)
116 creatures vanquished.

Vanquished Creatures (collateral kills)
  A quokka (D:7)
1 creature vanquished.

Vanquished Creatures (others)
  A gnoll (D:2)
  A jackal (D:2)
2 creatures vanquished.

Grand Total: 119 creatures vanquished

Notes
Turn   | Place    | Note
-------+----------+-------------------------------------------
     0 | D:1      | Destapler the Hill Orc Chaos Knight began the quest for the
                  | Orb.
     0 | D:1      | Reached XP level 1. HP: 19/19 MP: 1/1
    23 | D:1      | Reached XP level 2. HP: 27/27 MP: 2/2
    35 | D:1      | XOM: silly message
   148 | D:2      | Noticed Natasha
   214 | D:1      | Reached XP level 3. HP: 25/33 MP: 3/3
   461 | D:1      | XOM: harmless Tmut miscast
   480 | D:1      | XOM: divination: detect items
   840 | D:2      | XOM: enchant monster (good)
   842 | D:2      | Killed Natasha
   842 | D:2      | Reached skill level 5 in Axes
   842 | D:2      | Reached XP level 4. HP: 10/41 MP: 4/4
  1081 | D:2      | Reached skill level 1 in Dodging
  1267 | D:2      | XOM: harmless Ice miscast
  1277 | D:2      | XOM: divine lightning
  1296 | D:2      | XOM: noise
  1359 | D:1      | XOM: god gift: scroll labeled VOSUBBO JUWU {god gift}
  1660 | D:2      | Reached XP level 5. HP: 36/47 MP: 5/5
  1708 | D:2      | Reached skill level 5 in Fighting
  1718 | D:2      | Noticed a shapeshifter
  1718 | D:2      | a gnoll changed into a shapeshifter
  1718 | D:2      | XOM: polymorph gnoll -> shapeshifter
  1718 | D:2      | Noticed a hornet
  1718 | D:2      | a shapeshifter changed into a hornet
  1720 | D:2      | XOM: summons 4 friendly demons
  1720 | D:2      | Noticed a human
  1720 | D:2      | a hornet changed into a human
  1721 | D:2      | Noticed a shapeshifter
  1721 | D:2      | a human changed into a shapeshifter
  1722 | D:2      | Noticed a golden eye
  1722 | D:2      | a shapeshifter changed into a golden eye
  1726 | D:2      | Noticed a rime drake
  1726 | D:2      | a golden eye changed into a rime drake
  1730 | D:2      | XOM: enchant monster (good)
  1753 | D:2      | Killed a rime drake
  1753 | D:2      | Reached skill level 6 in Axes
  1753 | D:2      | Reached skill level 1 in Stealth
  1753 | D:2      | Reached XP level 6. HP: 33/56 MP: 6/6
  1978 | D:2      | Found a sacrificial altar of Ru.
  1996 | D:2      | Noticed Natasha
  2013 | D:2      | Killed Natasha
  2053 | D:2      | Noticed Natasha
  2072 | D:2      | Killed Natasha
  2434 | D:3      | XOM: mild Necr miscast
  2708 | D:3      | Found a hide-covered altar of Uskayaw.
  2710 | D:3      | Found a hazy altar of Hepliaklqana.
  2917 | D:3      | XOM: 1-stop teleportation journey
  3356 | D:4      | XOM: enchant monster (good)
  3363 | D:3      | Found a blossoming altar of Fedhas.
  3363 | D:3      | Found a stormy altar of Qazlal.
  3384 | D:3      | Reached XP level 7. HP: 21/60 MP: 7/7
  3571 | D:3      | XOM: god gift: orange potion {god gift}
  3597 | D:4      | XOM: summons friendly quasit
  3604 | D:4      | Reached skill level 7 in Axes
  3604 | D:4      | Reached skill level 1 in Throwing
  3678 | D:4      | XOM: polymorph quasit -> iron imp
  3828 | D:4      | You fall through a shaft for 3 floors!
  3850 | D:7      | XOM: enchant monster (good)
  3889 | D:7      | XOM: cast spell 'Leda's Liquefaction'
  3897 | D:7      | XOM: divination: detect items
  3901 | D:7      | Reached skill level 1 in Polearms
  3986 | D:7      | Slain by an orc warrior

Skill      XL: |  1  2  3  4  5  6  7 |
---------------+----------------------+-----
Fighting       | 4 5 6 |  6.0
Axes           | 5 6 7 |  7.1
Dodging        | 1 2 |  2.3
Armour         | 3 |  3.6
Stealth        | 1 |  1.5
Throwing       | 1 |  1.1
Polearms       | 3 |  3.1

Action                   |  1- 3 |  4- 6 |  7- 9 || total
-------------------------+-------+-------+-------++-------
Melee: Hand axe          |    86 |   231 |    12 ||   329
       Trident           |       |       |    47 ||    47
Throw: Stone             |     8 |    39 |       ||    47
  Use: Potion            |     1 |     2 |     2 ||     5
       Scroll            |       |     6 |     1 ||     7
 Stab: Paralysed         |     2 |     1 |     4 ||     7
       Confused          |       |     1 |       ||     1
       Invisible         |       |     1 |       ||     1
  Eat: Chunk             |       |     4 |       ||     4
       Ration            |       |     1 |     1 ||     2
Armor: Leather armour    |    22 |    66 |    17 ||   105
Dodge: Dodged            |    38 |   151 |    26 ||   215
